AoeStats
← Andrew

Black Forest

509644095Analyzed
4v4 RM · 6d ago on Sep 27, 2026· 30m 17s· 8 players
Game mode
Random Map
Map size
Large (8 player)
Population
200
Speed
Normal
Resources
Standard
Victory
Conquest
Starting age
Dark Age
Ending age
Imperial Age
RankedLock teamsTeams togetherTeam positionsShared explorationLock speedFull tech treeHidden civsTurbo modeCheats
Victory
Defeat
🇭🇰 Britons · Hong Kong SAR China
1596
+11
🇭🇰 Saracens · Hong Kong SAR China
1551
+13
🇭🇰 Celts · Hong Kong SAR China
1502
+15
🇭🇰 Saracens · Hong Kong SAR China
1480
+16
🇨🇳 Burgundians · China
1540
-17
🇨🇳 Varangians · China
1467
-13
🇰🇷 Mongols · South Korea
1464
-13
🇯🇵 Mongols · Japan
1447
-12
old f1sh
4:49 Double-Bit Axe
10:49 Feudal Age
12:03 Bow Saw
14:37 Castle Age
12:21 Horse Collar
13:34 Heavy Plow
15:40 Wheelbarrow
19:30 Hand Cart
19:25 Gold Mining
25:20 Imperial Age
22:36 Loom
25:16 Padded Archer Armor
25:47 Guilds
27:03 Chemistry
27:17 Leather Archer Armor
27:16 Scale Barding Armor
27:21 Forging
27:14 Cavalier
Andrew
10:06 Feudal Age
13:37 Castle Age
11:31 Double-Bit Axe
11:32 Horse Collar
14:40 Bow Saw
15:16 Heavy Plow
18:37 Loom
20:40 Wheelbarrow
21:01 Stone Mining
21:03 Gold Mining
23:52 Stone Shaft Mining
26:03 Hand Cart
26:30 Town Watch
29:36 Imperial Age
27:44 Bloodlines
27:35 Husbandry
27:41 Scale Barding Armor
27:46 Forging
28:44 Chain Barding Armor
28:56 Husbandry
30:33 Gold Shaft Mining
sada-aki
6:03 Loom
8:10 Feudal Age
9:11 Double-Bit Axe
11:14 Fletching
12:58 Horse Collar
15:21 Padded Archer Armor
18:39 Gold Mining
26:19 Castle Age
27:19 Bow Saw
涅槃重生
0:27 Loom
10:03 Feudal Age
10:09 Man-at-Arms
12:00 Arson
19:49 Castle Age
17:52 Double-Bit Axe
17:50 Horse Collar
20:01 Gold Mining
24:48 Fletching
牛油果
0:51 Loom
9:20 Feudal Age
9:55 Double-Bit Axe
13:35 Horse Collar
15:02 Wheelbarrow
19:36 Castle Age
19:11 Town Watch
19:17 Fletching
19:20 Gold Mining
20:47 Bodkin Arrow
24:44 Bow Saw
羅敏莊
1:06 Loom
11:18 Feudal Age
16:52 Castle Age
15:05 Double-Bit Axe
16:37 Fletching
17:55 Bodkin Arrow
23:55 Crossbowman
25:41 Horse Collar
26:29 Thumb Ring
29:49 Ballistics
局長
4:12 Loom
11:15 Feudal Age
13:14 Double-Bit Axe
13:39 Horse Collar
16:06 Castle Age
15:24 Scale Barding Armor
16:13 Forging
16:52 Husbandry
21:06 Chain Barding Armor
22:57 Bloodlines
26:00 Iron Casting
31:24 Wheelbarrow
evi
8:13 Loom
10:26 Feudal Age
14:22 Castle Age
12:43 Double-Bit Axe
15:47 Bow Saw
23:31 Wheelbarrow
23:47 Horse Collar
27:44 Gold Mining
27:45 Stone Mining
31:38 Imperial Age
29:10 Scale Mail Armor
30:09 Hand Cart
30:10 Chain Mail Armor
Connection lost

Rejoining the realm…

Still unreachable

The connection could not be restored.

Session expired

The server has moved on; the page needs a fresh start.